AoeStats
← Kanyaga

African Clearing

504852516Analyzed
4v4 RM · 25d ago on Sep 6, 2026· 40m 17s· 8 players
Game mode
Random Map
Map size
Large (8 player)
Population
200
Speed
Normal
Resources
Standard
Victory
Conquest
Starting age
Dark Age
Ending age
Imperial Age
RankedLock teamsTeams togetherTeam positionsShared explorationLock speedFull tech treeHidden civsTurbo modeCheats
Victory
Defeat
🇹🇷 Burmese · Türkiye
1556
+11
🇹🇷 Persians · Türkiye
1553
+11
🇹🇷 Mapuche · Türkiye
1530
+12
🇹🇷 Cumans · Türkiye
1466
+16
🇪🇸 Berbers · Spain
1481
-14
🇵🇰 Slavs · Pakistan
1451
-13
🇺🇸 Hindustanis · United States
1441
-12
🇺🇸 Mongols · United States
1411
-11
Vingtor
11:31 Feudal Age
12:29 Loom
15:54 Castle Age
13:44 Double-Bit Axe
16:59 Bow Saw
17:10 Fletching
18:18 Horse Collar
21:26 Town Watch
22:36 Stone Mining
23:26 Gold Mining
25:11 Wheelbarrow
26:04 Bodkin Arrow
28:02 Ballistics
28:11 Husbandry
31:00 Padded Archer Armor
31:13 Bloodlines
31:19 Hand Cart
31:35 Thumb Ring
37:11 Imperial Age
38:21 Parthian Tactics
39:01 Chemistry
38:11 Bracer
Álvaro de Bazán
4:06 Loom
13:30 Feudal Age
14:04 Double-Bit Axe
16:08 Fletching
19:57 Town Watch
26:50 Castle Age
pNaStY- oG.
3:06 Loom
14:36 Feudal Age
16:06 Double-Bit Axe
18:35 Castle Age
19:52 Bow Saw
20:40 Fletching
22:40 Bodkin Arrow
25:06 Scale Barding Armor
26:02 Husbandry
26:22 Gold Mining
26:50 Forging
26:49 Horse Collar
28:53 Chain Barding Armor
31:07 Scale Mail Armor
32:33 Chain Mail Armor
32:45 Stone Mining
34:04 Wheelbarrow
33:49 Squires
33:35 Arson
34:32 Iron Casting
34:15 Heavy Plow
35:30 Bloodlines
41:10 Imperial Age
Horizon
12:17 Feudal Age
12:46 Double-Bit Axe
13:07 Loom
13:58 Horse Collar
16:48 Bloodlines
22:32 Castle Age
20:59 Stone Mining
23:33 Bow Saw
29:44 Fletching
31:20 Wheelbarrow
32:53 Bodkin Arrow
34:01 Scale Barding Armor
37:56 Ballistics
41:30 Imperial Age
Saruman
10:54 Loom
12:52 Feudal Age
16:43 Castle Age
14:59 Double-Bit Axe
16:17 Horse Collar
18:57 Bow Saw
25:49 Wheelbarrow
25:04 Horse Collar
27:45 Hand Cart
27:40 Fletching
28:13 Town Watch
28:53 Husbandry
29:04 Bloodlines
32:14 Imperial Age
30:14 Scale Barding Armor
30:19 Heavy Plow
30:56 Forging
31:28 Chain Barding Armor
32:24 Iron Casting
33:01 Ballistics
32:04 Cavalier
33:04 Gold Mining
34:31 Plate Barding Armor
35:02 Conscription
35:33 Crop Rotation
36:10 Savar
38:12 Blast Furnace
37:27 Stone Mining
38:12 Gold Shaft Mining
39:56 Two-Man Saw
39:36 Stone Shaft Mining
40:14 Town Patrol
Kanyaga
11:48 Feudal Age
12:20 Double-Bit Axe
14:08 Horse Collar
16:20 Wheelbarrow
20:12 Gold Mining
20:48 Scale Barding Armor
20:54 Forging
23:15 Castle Age
22:49 Bloodlines
24:37 Chain Barding Armor
24:53 Iron Casting
25:14 Bow Saw
30:33 Hand Cart
30:05 Loom
30:31 Heavy Plow
38:02 Fletching
38:13 Padded Archer Armor
38:40 Bodkin Arrow
39:47 Town Watch
heybrowazzup
12:46 Feudal Age
15:07 Loom
17:34 Castle Age
15:54 Fletching
16:21 Double-Bit Axe
18:35 Bodkin Arrow
18:53 Bow Saw
19:37 Town Watch
25:36 Ballistics
26:39 Padded Archer Armor
41:53 Imperial Age
40:51 Leather Archer Armor
Göktürk
5:58 Loom
13:42 Feudal Age
18:00 Castle Age
Connection lost

Rejoining the realm…

Still unreachable

The connection could not be restored.

Session expired

The server has moved on; the page needs a fresh start.